Unix NetHack Version 5.0.0-0 post-release - last build May 30 2026 05:04:26 (55804bc15828dd6e32e9076e0726aa6fccb6e981,branch:main).

Game began 2026-05-31 11:11:18, ended 2026-05-31 13:32:50.

DiePARTEI, neutral male human Tourist

        @

DiePARTEI the Excursionist  St:25 Dx:12 Co:17 In:16 Wi:11 Ch:13  Neutral S:13860
Dlvl:8  $:2234 HP:0(89) Pw:41(41) AC:-1 Xp:9/2951 T:7659  Blind

Latest messages:
 You climb up the stairs.
 Where do you want to travel to?
 (For instructions type a '?')
 You swap places with the peaceful watchman.
 The yellow light explodes!
 You are blinded by a blast of light!
 Where do you want to travel to?
 (For instructions type a '?')
 Wait!  There's something there you can't see!
 Where do you want to travel to?
 (For instructions type a '?')
 A nearby voice intones:
 "Pilgrim, you enter a sacred place!"
 You have a forbidding feeling...
 C - a crossbow bolt.
 H - a yellow gem.
 What do you want to drop? [$a-pr-zA-Z or ?*] C
 You drop a crossbow bolt.
 You try to feel what is lying here on the floor.
 Wait!  There's something there you can't see!
 It gets angry!
 "Halt!  You're under arrest!"
 You hear the shrill sound of guards' whistles.
 It hits!
 It just misses!
 You hit it.
 It hits!
 You hit it.
 It hits!
 It misses.
 You try to feel what is lying here on the floor.
 You are hit.
 It hits!
 You feel an unseen monster!
 You feel an unseen monster!
 You feel an unseen monster!
 You hear water falling on coins.
 You feel an unseen monster!
 It hits!
 You stop searching.
 What do you want to read? [inruvxzKMP-RW or ?*] u
 As you pronounce the formula on it, the scroll disappears.
 You materialize on a different level!
 It hits!
 You die...
 Do you want your possessions identified? [ynq] (y) y
 Do you want to see your attributes? [ynq] (y) y
 Do you want an account of creatures vanquished? [ynaq] (y) y
 Do you want to see your conduct and achievements? [ynq] (y) y
 Do you want to see the dungeon overview? [ynq] (y) y

Inventory:
 Coins    ('$')
  $ - 2234 gold pieces
 Weapons  (')')
  a - 18 +2 darts (at the ready)
  B - 42 +0 darts
  S - 5 +0 daggers
  X - a +1 elven dagger (weapon in right hand)
 Armor    ('[')
  y - a blessed +0 orcish helm (being worn)
  F - an uncursed +1 pair of gauntlets of power (being worn)
  G - a blessed +1 pair of iron shoes (being worn)
  Y - an uncursed +0 elven cloak (being worn)
  U - an uncursed +0 mummy wrapping
  j - an uncursed +0 Hawaiian shirt with a jellyfish motif (being worn)
  J - an uncursed +0 elven mithril-coat (being worn)
 Comestibles  ('%')
  b - 8 uncursed food rations
  f - 3 uncursed fortune cookies
  L - an uncursed sprig of wolfsbane
  e - 7 uncursed tripe rations
  m - an uncursed lizard corpse
 Scrolls  ('?')
  P - a blessed scroll of blank paper
  R - 2 uncursed scrolls of blank paper
  M - an uncursed scroll of create monster
  z - an uncursed scroll of earth
  x - a cursed scroll of earth
  K - a cursed scroll of enchant armor
  n - an uncursed scroll of food detection
  W - 2 uncursed scrolls of identify
  Q - a blessed scroll of light
  v - an uncursed scroll of light
  i - 2 uncursed scrolls of magic mapping
  r - a cursed scroll of remove curse
 Potions  ('!')
  s - an uncursed potion of confusion
  p - an uncursed potion of gain energy
  A - an uncursed potion of see invisible
  D - 2 uncursed potions of water
 Rings    ('=')
  g - a cursed ring of aggravate monster
  d - a cursed ring of cold resistance (on left hand)
  Z - an uncursed +1 ring of gain strength
  O - a cursed -1 ring of protection (on right hand)
 Wands    ('/')
  h - a wand of digging (0:4)
  o - a wand of light (0:13)
  N - a wand of probing (0:5)
  w - a wand of stasis (0:3)
  c - a wand of teleportation (0:1)
 Tools    ('(')
  I - an empty uncursed bag of holding
  l - an uncursed credit card named poisres
  k - an expensive camera (0:54)
  V - a blessed oil lamp
  T - an uncursed wax candle
 Gems/Stones  ('*')
  E - 3 uncursed worthless pieces of green glass
  H - an uncursed worthless piece of yellow glass
  t - an uncursed flint stone

DiePARTEI the Tourist's attributes:

Background:
 You were an Excursionist, a level 9 male human Tourist.
 You were neutral, on a mission for The Lady
 who was opposed by Blind Io (lawful) and Offler (chaotic).
 You were right-handed.
 You were in the Gnomish Mines, on level 8.
 You entered the dungeon 7659 turns ago.
 There was a full moon in effect when your adventure ended.
 You had 2951 experience points, 2169 more were needed to attain level 10.
 Your score was 13860 before end-of-game adjustments.

Basics:
 You had 0 out of 89 hit points.
 You had all 41 energy points (spell power).
 Your armor class was -1.
 Your wallet contained 2234 zorkmids.
 Autopickup was off.

Final Characteristics:
 Your strength was 25 (base:9, peak:11, innate limit:18/100).
 Your dexterity was 12 (limit:18).
 Your constitution was 17 (limit:18).
 Your intelligence was 16 (limit:18).
 Your wisdom was 11 (limit:18).
 Your charisma was 13 (limit:18).

Final Status:
 You were temporarily blind.
 You weren't hungry.
 You were unencumbered.
 You were wielding a dagger.
 You had basic skill with dagger.

Final Attributes:
 You were piously aligned.
 You were cold resistant.
 Your items were protected from cold.
 You were poison resistant.
 You were stealthy.
 You had a small defense penalty (-1).
 You were protected.
 Your spell casting was impaired by metallic armor.
 You were lucky.
 You are dead.

Miscellaneous:
 You didn't encounter any bones levels.
 Total elapsed playing time was 1 hour, 30 minutes and 20 seconds.

Major events:
 Turn
    1: DiePARTEI the neutral male human Tourist entered the dungeon
 1016: entered the Gnomish Mines
 1032: attained the rank of Sightseer (level 3)
 1202: reached Mine Town
 1579: attained the rank of Excursionist (level 6)
 3109: entered Sokoban
 3471: completed 1st Sokoban level
 3781: completed 2nd Sokoban level
 4261: completed 3rd Sokoban level
 5423: completed 4th Sokoban level
 7659: killed by a watchman

Spells:
 Name                 Level Category     Fail Retention
 fireball               4   attack       100%   51%-75%

Skills:
 Fighting Skills
   bare handed combat [Skilled]
   two weapon combat  [Unskilled]
   riding             [Unskilled]
 Weapon Skills
   dagger             [Basic]
   knife              [Unskilled]
   axe                [Unskilled]
   pick-axe           [Unskilled]
   short sword        [Unskilled]
   broadsword         [Unskilled]
   long sword         [Unskilled]
   two-handed sword   [Unskilled]
   saber              [Unskilled]
   mace               [Unskilled]
   morning star       [Unskilled]
   flail              [Unskilled]
   hammer             [Unskilled]
   quarterstaff       [Unskilled]
   polearms           [Unskilled]
   spear              [Unskilled]
   trident            [Unskilled]
   lance              [Unskilled]
   bow                [Unskilled]
   sling              [Unskilled]
   crossbow           [Unskilled]
   dart               [Skilled]
   shuriken           [Unskilled]
   boomerang          [Unskilled]
   whip               [Unskilled]
   unicorn horn       [Unskilled]
 Spellcasting Skills
   divination spells  [Unskilled]
   enchantment spells [Unskilled]
   escape spells      [Unskilled]

Voluntary challenges:
 Character rerolling was not enabled.
 You never genocided any monsters.
 You never polymorphed an object.
 You never changed form.
 You used no wishes.
 You did not violate any of the special Sokoban rules.
Achievements:
 You entered the Gnomish Mines.
 You attained the rank of Sightseer.
 You entered Minetown.
 You entered a shop.
 You entered a temple.
 You attained the rank of Excursionist.
 You entered Sokoban.

 The Dungeons of Doom: levels 1 to 6
    Level 1:
       Some fountains.
    Level 2:
       A fountain.
    Level 3:
       A sink.
       Stairs down to The Gnomish Mines.
    Level 4:
       An altar, a fountain.
    Level 5:
       Many fountains.
    Level 6:
       A throne, some fountains.
       Stairs up to Sokoban, level 5.
 The Gnomish Mines: levels 4 to 8
    Level 4:
    Level 5:
    Level 6:
       Many shops, a temple and an altar, some fountains.
    Level 7:
    Level 8: <- You were here.
       Final resting place for
          you, killed by a watchman.
 Sokoban: levels 5 up to 2
    Level 2:
       Solved.
    Level 3:
       Solved.
    Level 4:
       Solved.
    Level 5:
       Solved.


Vanquished creatures:
  2 giant mimics
  a small mimic
  a freezing sphere
  a human mummy
  a carnivorous ape
  2 giant beetles
  2 cockatrices
  a lynx
  a panther
  a giant spider
  a scorpion
  a horse
  2 gnome rulers
  a dwarf mummy
 an ogre
  a Green-elf
  4 lizards
  a dingo
  a housecat
  a dwarf leader
  a dust vortex
  a raven
  a bugbear
  a quasit
  a wood nymph
  4 Mordor orcs
 an orc shaman
  a rock mole
  a pony
  2 yellow lights
  a shrieker
  a violet fungus
  5 gnome leaders
  2 gnomish wizards
  a kobold mummy
  a red naga hatchling
  a gray ooze
  a straw golem
  a paper golem
  2 kittens
  4 dwarves
  a homunculus
  a kobold leader
  4 kobold shamans
  8 hill orcs
  2 rothes
  2 rabid rats
  a giant bat
  a monkey
  2 orc zombies
  2 dwarf zombies
  a werejackal
  4 iguanas
  9 killer bees
  a gas spore
  2 hobbits
  a large kobold
  2 hobgoblins
  4 giant rats
  8 cave spiders
  3 brown molds
  a red mold
 30 gnomes
  5 geckos
  8 jackals
  a goblin
  a sewer rat
 10 grid bugs
  a bat
  2 lichens
  a kobold zombie
  2 newts
182 creatures vanquished.

No species were genocided or became extinct.

Game over:
                       ----------
                      /          \
                     /    REST    \
                    /      IN      \
                   /     PEACE      \
                  /                  \
                  |    DiePARTEI     |
                  |     2234 Au      |
                  |   killed by a    |
                  |     watchman     |
                  |                  |
                  |                  |
                  |       2026       |
                 *|     *  *  *      | *
        _________)/\\_//(\/(/\)/\//\/|_)_______

Aloha DiePARTEI the Tourist...

You died in The Gnomish Mines on dungeon level 8 with 13694 points,
and 2234 pieces of gold, after 7659 moves.
You were level 9 with a maximum of 89 hit points when you died.

